 Dungeon Crawl Stone Soup version 0.31-a0-986-g5e6e4ef867 (webtiles) character file.

Game seed: 2231197609808511048

945 Dordric the Mimic (level 8, -2/48 HPs)
             Began as an Octopode Shapeshifter on Nov 23, 2023.
             Slain by Edmund
             ... wielding a +5 dire flail of holy wrath
              (11 damage)
             ... on level 6 of the Dungeon.
             The game lasted 00:07:41 (5513 turns).

Dordric the Mimic (Octopode Shapeshifter)           Turns: 5513, Time: 00:07:41

Health: -2/48      AC:  3    Str: 13    XL:     8   Next: 13%
Magic:  17/17      EV: 13    Int: 12    God:
Gold:   397        SH:  0    Dex: 14    Spells: 7/7 levels left

rFire   . . .        e - melded +0 dagger (drain)
rCold   . . .        (shield currently unavailable)
rNeg    . . .        u - +2 hat
rPois   .            p - amulet of the acrobat
rElec   .            h - ring of magical power
rCorr   .            n - ring of wizardry
SInv    .            (no ring)
Will    .....        (no ring)
Stlth   +            (no ring)
HPRegen 0.28/turn    (no ring)
MPRegen 0.15/turn    (no ring)
                     (no ring)

%: acrobat, wizardry (x1)
@: flux-form, glowing
A: glow, contaminating, almost no armour, amphibious, 8 rings, camouflage 1,
gelatinous body 1, (nimble swimmer 1), tentacles
a: Begin Untransformation


You were on level 6 of the Dungeon.
You were something dangerously unstable.
You visited 1 branch of the dungeon, and saw 6 of its levels.
You also visited: Ossuary.

You collected 397 gold pieces.

Inventory:

Hand Weapons
 e - a +0 dagger of draining (melded)
Armour
 u - a +2 hat (worn)
Jewellery
 h - a ring of magical power (left tentacle)
 n - a ring of wizardry (right tentacle)
 p - an amulet of the acrobat (around mantle)
 s - a ring of protection from fire
 y - a ring of magical power
Talismans
 b - a beast talisman
 c - a flux talisman (active)
 k - a maw talisman
Wands
 f - a wand of flame (16)
Scrolls
 d - 2 scrolls of fear
 g - a scroll of noise
 i - 3 scrolls of teleportation
 o - a scroll of enchant weapon
 v - a scroll of poison {unknown}
 w - a scroll of identify
 x - a scroll of fog {unknown}
 z - a scroll of immolation {unknown}
 A - a scroll of amnesia
Potions
 a - 3 potions of lignification
 j - 2 potions of might {unknown}
 l - a potion of resistance {unknown}
 m - a potion of enlightenment
 q - 2 potions of brilliance {unknown}
 r - a potion of ambrosia {unknown}
 t - a potion of heal wounds {unknown}


   Skills:
 - Level 1.0 Fighting
 - Level 2.0 Dodging
 + Level 4.4 Unarmed Combat
 - Level 8.3 Shapeshifting


You had 7 spell levels left.
You didn't know any spells.
Your spell library contained the following spells:

 Spells                   Type           Power      Damage    Failure   Level
 Foxfire                  Conj/Fire      0%         2x1d4     13%         1
 Sting                    Tmut/Pois      0%         1d3       13%         1
 Poisonous Vapours        Pois/Air       0%         N/A       21%         2
 Olgreb's Toxic Radiance  Pois           0%         N/A       75%         4
 Plasma Beam              Fire/Air       0%         2x1d10    100%        6
 Starburst                Conj/Fire      0%         6d3       100%        6


Dungeon Overview and Level Annotations

Branches:
Dungeon (6/15)            Ossuary (visited)
 Temple: D:4-7

Altars:
Ashenzari
Fedhas
Uskayaw
Vehumet
Yredelemnul

Annotations:
D:4 3 runed translucent doors, LeprechaunX's ghost, novice OpSh; awesomeguy42's ghost, amateur HuNe; sammy202020's ghost, amateur GrFi; soul19's ghost, amateur DgSh
D:6 Edmund


Innate Abilities, Weirdness & Mutations

You are something dangerously unstable.
You glow with magical radiation, making you easy to see and hit.
Foes you strike become dangerously contaminated with magical radiation.
You are incapable of wielding weapons or throwing items.
You cannot wear most types of armour.
You are amphibious.
You can wear up to eight rings at the same time.
Your skin changes colour to match your surroundings (Stealth+).
Your rubbery body absorbs attacks. (AC +1, EV +1)
((You are camouflaged when in or above water. (Stealth+)))
You have tentacles for arms and can constrict up to eight enemies at once.


Message History

Edmund the Younger comes into view.
He is wielding a +5 dire flail of holy wrath.
Edmund shouts!
Edmund closely misses you.
You barely miss Edmund. You grab Edmund. Your squeeze misses Edmund.
You constrict Edmund, but do no damage.
Edmund hits you with a +5 dire flail of holy wrath!!
You tentacle-slap Edmund but do no damage.
Edmund begins to glow.
You squeeze Edmund.
Edmund is lightly wounded.
You constrict Edmund.
Edmund hits you with a +5 dire flail of holy wrath!
* * * LOW HITPOINT WARNING * * *
You are too injured to fight recklessly!
You are too injured to fight recklessly!
You are too injured to fight recklessly!
You are too injured to fight recklessly!
You are too injured to fight recklessly!
You are too injured to fight recklessly!
You are too injured to fight recklessly!
You are too injured to fight recklessly!
You release your grip on Edmund.
Edmund attacks as he pursues you! Edmund barely misses you.
Edmund stops glowing.
Edmund attacks as he pursues you! Edmund closely misses you.
Edmund barely misses you.
You completely miss Edmund. You grab Edmund.
Edmund is lightly wounded.
You constrict Edmund, but do no damage.
You tentacle-slap Edmund but do no damage.
Edmund begins to glow.
Edmund is lightly wounded.
You constrict Edmund.
Edmund hits you with a +5 dire flail of holy wrath!
* * * LOW HITPOINT WARNING * * *
You tentacle-slap Edmund.
Edmund glows dangerously bright.
Edmund is moderately wounded.
You constrict Edmund.
Edmund hits you with a +5 dire flail of holy wrath!
You die...
Edmund says, "I'd like to see a scythe do that!"

........ #.#.#.#
#...#.# . ###.#.# #..
#..#.###..#
#..#........
##...........
##..#@.....>.
##..##p.##..#.
#..........####...##..
##.....................
#..........#...........
#..........#...........
#.######...............
#. #..##..........## #.
###................
#..<........#####..


You could see Edmund (heavy contam).

Vanquished Creatures
  A water moccasin (D:5)
  An ice beast (D:5)
  3 scorpions
  A gnoll sergeant (D:6)
  2 howler monkeys
  A jelly (D:4)
  An orc priest (D:5)
  Ijyb (D:3)
  2 iguanas
  Natasha (thrice) (D:2)
  An orc wizard (D:5)
  A mummy (Ossuary)
  4 gnolls
  An adder (D:5)
  2 white imps
  11 orcs
  3 spectral bats (Ossuary)
  9 endoplasms
  4 giant cockroaches
  12 gnoll zombies (Ossuary)
  4 goblins
  7 hobgoblins
  3 quokkas
  4 ball pythons
  8 bats
  5 bat simulacra (Ossuary)
  A goblin simulacrum (Ossuary)
  4 goblin zombies (Ossuary)
  4 hobgoblin zombies (Ossuary)
  3 kobolds
  2 kobold simulacra (Ossuary)
  2 kobold zombies (Ossuary)
  8 orc zombies (Ossuary)
  5 rats
  5 rat simulacra (Ossuary)
  4 spectral goblins (Ossuary)
  2 spectral kobolds (Ossuary)
  A spectral orc (D:3)
  2 spectral rats (Ossuary)
138 creatures vanquished.

Notes
Turn   | Place    | Note
-------+----------+-------------------------------------------
     0 | D:1      | Dordric the Octopode Shapeshifter began the quest for the
                  | Orb.
     0 | D:1      | Reached XP level 1. HP: 13/13 MP: 1/1
   180 | D:1      | Reached XP level 2. HP: 18/18 MP: 2/2
   599 | D:1      | Reached XP level 3. HP: 18/23 MP: 3/3
   637 | D:1      | Reached skill level 4 in Shapeshifting
  1269 | D:2      | Noticed Natasha
  1275 | D:2      | Killed Natasha
  1276 | D:2      | Reached XP level 4. HP: 28/28 MP: 4/4
  1477 | D:2      | Noticed Natasha
  1481 | D:2      | Killed Natasha
  1605 | D:2      | Noticed Natasha
  1610 | D:2      | Killed Natasha
  1611 | D:2      | Reached skill level 5 in Shapeshifting
  1611 | D:2      | Reached XP level 5. HP: 13/33 MP: 5/5
  1769 | D:3      | Noticed Ijyb
  1780 | D:3      | Killed Ijyb
  1989 | D:3      | Found a broken altar of Ashenzari.
  2045 | D:3      | Found a basalt altar of Yredelemnul.
  2258 | D:4      | Found a sand-covered staircase.
  2266 | Ossuary  | Entered an ossuary
  2510 | Ossuary  | HP: 1/29 [mummy (15)]
  2585 | Ossuary  | HP: 1/29 [mummy (18)]
  2883 | Ossuary  | Reached skill level 6 in Shapeshifting
  3075 | D:4      | Reached XP level 6. HP: 21/38 MP: 6/6
  3562 | D:4      | Found a blossoming altar of Fedhas.
  3671 | D:4      | Found a runed translucent gate.
  3671 | D:4      | Found a runed translucent gate.
  3672 | D:4      | Found a runed translucent gate.
  3674 | D:4      | Noticed soul19's ghost (amateur DgSh)
  3674 | D:4      | Noticed awesomeguy42's ghost (amateur HuNe)
  3675 | D:4      | Noticed sammy202020's ghost (amateur GrFi)
  3676 | D:4      | Noticed LeprechaunX's ghost (novice OpSh)
  3939 | D:5      | Entered Level 5 of the Dungeon
  3981 | D:5      | Noticed a water moccasin
  3992 | D:5      | Killed a water moccasin
  3993 | D:5      | Reached skill level 7 in Shapeshifting
  4093 | D:5      | Reached XP level 7. HP: 32/43 MP: 7/7
  4236 | D:5      | Found a radiant altar of Vehumet.
  4425 | D:5      | Reached skill level 8 in Shapeshifting
  4631 | D:5      | Found a hide-covered altar of Uskayaw.
  5309 | D:6      | Reached XP level 8. HP: 30/48 MP: 8/8
  5500 | D:6      | Noticed Edmund
  5513 | D:6      | Slain by Edmund

Illustrated notes

Levels and vault maps discovered:
D:1:      lightli_arrival_maybe_door_vault, layout_loops_corners,
          serial_bayou_pond_d, chequers_serial_rivers_marsh
D:2:      layout_basic, uniq_natasha
D:3:      layout_basic, ashenzari_altar_1, yredelemnul_forgotten_temple_becter,
          serial_shops, shop, st_stairs_11, uniq_ijyb
D:4:      layout_cave_pods, fedhas_altar_1, gammafunk_ghost_cemetery,
          nicolae_ossuary_entry_plus
D:5:      layout_basic, eat_drink_and_be_merry_uskayaw,
          nicolae_vehumet_radiance, minivault_19
D:6:      layout_rooms, trog_three_pillars_becter, lemuel_temple_firewalk_b,
          serial_shops, nicolae_shop_just_a_little_nook, uniq_edmund

Skill      XL: |  1  2  3  4  5  6  7  8 |
---------------+-------------------------+-----
Shapeshifting  | 4 5 6 7 8 |  8.3
Unarmed Combat | 4 |  4.4
Fighting       | |  1.0
Dodging        | |  2.0

Action                     |  1- 3 |  4- 6 |  7- 9 || total
---------------------------+-------+-------+-------++-------
  Melee: Unarmed           |     8 |   200 |    74 ||   282
         Constrict         |    12 |    54 |    21 ||    87
         Tentacles         |    13 |    60 |    26 ||    99
         Dagger            |    47 |    13 |       ||    60
    Use: Potion            |       |     4 |       ||     4
         Scroll            |       |     6 |       ||     6
   Stab: Sleeping          |    11 |     6 |       ||    17
 Armour: Skin              |    18 |    96 |    42 ||   156
  Dodge: Dodged            |    27 |   130 |    47 ||   204
   Form: Flux              |       |     1 |       ||     1

Table legend: (Time is in decaauts)
 A = Elapsed time spent in this place.
 B = Non-inter-level travel time spent in this place.
 C = Inter-level travel time spent in this place.
 D = Time resting spent in this place.
 E = Time spent auto-exploring this place.
 F = Levels seen in this place.
 G = Mean time per level.
                   A        B        C        D        E       F      G
               +--------+--------+--------+--------+--------+-----+--------+
         Total |   5484 |   5271 |    213 |    352 |   3957 |   7 |  783.4 |
       Dungeon |   4795 |   4582 |    213 |    328 |   3560 |   6 |  799.2 |
       Ossuary |    688 |    688 |      0 |     24 |    397 |   1 |  688.0 |
               +--------+--------+--------+--------+--------+-----+--------+

Top non-repeatable levels by time:
     D:5: 1431 daAuts
     D:1: 1056 daAuts
     D:4: 1049 daAuts
 Ossuary: 688 daAuts
     D:2: 684 daAuts
     D:3: 431 daAuts
     D:6: 142 daAuts
